cohdb
Replays
Latest Replays
All Replays
Popular Replays
Top Player Replays
Match Explorer
How It Works
Community
CoH3 Stats
Reddit
Sign in to upload your games and track your stats! →
Sign in with Steam
Match 42792711
Unlisted
Match 42792711
Overview
Messages
Build Orders
End
Kradschützen Motorcycle Team
Panzergrenadier Squad
Selects Italian Infantry
Construct Light Support Kompanie
MG34 Team
Fire Support Elements
2.5-tonne Medical Truck
le.IG 18 Support Gun Team
Assault Mechanized Group
Panzerjäger Squad
Selects Guastatori Squad
Guastatori Squad
Pak 38 Anti-tank Gun Team
Pak 38 Anti-tank Gun Team
Selects Registered Artillery
Panzergrenadier Squad
cherry
DonaldDUCK
DibbeTC
Mad Mac
0
0
Comments
sign in to comment!
No comments posted yet!